 Dungeon Crawl Stone Soup version 0.29-a0-1052-g6990b1bffc (webtiles) character file.

Game seed: 13067096135682851494

55877 greasedhog the Gelid (level 14, -3/88 HPs)
             Began as a Gargoyle Ice Elementalist on Aug 17, 2022.
             Was a High Priest of Vehumet.
             Slain by an orc knight
             ... wielding a +0 battleaxe
              (22 damage)
             ... on level 2 of the Orcish Mines.
             The game lasted 00:56:27 (21974 turns).

greasedhog the Gelid (Gargoyle Ice Elementalist)   Turns: 21974, Time: 00:56:27

Health: -3/88      AC: 16    Str: 12    XL:     14   Next: 79%
Magic:  1/21       EV: 22    Int: 19    God:    Vehumet [*****.]
Gold:   1524       SH:  4    Dex: 20    Spells: 7/23 levels left

rFire   x . .      SeeInvis .   r - staff of cold
rCold   + + +      Faith    .   Q - +0 buckler
rNeg    + . .      Spirit   .   I - +2 robe {rC+}
rPois   ∞          Reflect  .   (no helmet)
rElec   +          Harm     .   B - +0 cloak {rPois}
rCorr   .          Rampage  .   (no gloves)
Will    +....                   y - +0 pair of boots
Stlth   ++++......              G - amulet "Ullisaokho" {RegenMP Contam rC+ Dex+6 Stlth+}
HPRegen 0.24/turn               H - ring of ice
MPRegen 0.57/turn               m - +4 ring of evasion

@: freezing walls, flying
A: sickness immunity, AC +10, big wings, negative energy resistance 1,
electricity resistance, torment resistance 1, petrification resistance, hooves
1, agile 1, MP-powered wands
a: Renounce Religion


You were on level 2 of the Orcish Mines.
You worshipped Vehumet.
Vehumet was extremely pleased with you.
You visited 4 branches of the dungeon, and saw 18 of its levels.

You collected 1650 gold pieces.
You spent 126 gold pieces at shops.

Inventory:

Missiles
 c - 2 throwing nets
Armour
 y - a +0 pair of boots (worn)
 B - a +0 cloak of poison resistance (worn)
 I - a +2 robe of cold resistance (worn)
 Q - a +0 buckler (worn)
Magical Staves
 r - a staff of cold (weapon)
Jewellery
 i - a ring of see invisible
 j - a ring of resist corrosion
 m - a +4 ring of evasion (right hand)
 n - a ring of protection from fire
 v - an amulet of reflection
 G - the amulet "Ullisaokho" (around neck) {RegenMP Contam rC+ Dex+6 Stlth+}
   (You found it on level 10 of the Dungeon)

   [amulet of magic regeneration]

   It increases your rate of magic regeneration.
   Dex:       It affects your dexterity (+6).
   rC:        It protects you from cold.
   Contam:    It causes magical contamination when unequipped.
   Stlth:     It makes you more stealthy.
 H - a ring of ice (left hand)
Wands
 w - a wand of iceblast (22)
 K - a wand of polymorph (5)
 L - a wand of flame (17)
 M - a wand of digging (6)
Scrolls
 h - a scroll of enchant armour
 l - a scroll of brand weapon
 t - 2 scrolls of vulnerability
 u - 4 scrolls of enchant weapon
 x - a scroll of magic mapping
 A - 2 scrolls of fog
 C - a scroll of fear
 D - 6 scrolls of teleportation
 E - a scroll of poison
 O - a scroll of amnesia
Potions
 a - 2 potions of invisibility {unknown}
 b - 3 potions of magic
 d - 4 potions of curing
 e - 2 potions of degeneration
 f - a potion of resistance {unknown}
 g - 2 potions of might {unknown}
 k - 4 potions of attraction
 o - 3 potions of brilliance {unknown}
 p - 2 potions of lignification {unknown}
 s - 3 potions of cancellation {unknown}
 z - a potion of experience {unknown}
 F - 2 potions of berserk rage {unknown}
 J - 3 potions of ambrosia {unknown}
Miscellaneous
 N - a lightning rod (inert)


   Skills:
 - Level 10.0 Fighting
 * Level 8.5 Staves
 - Level 10.0 Dodging
 * Level 5.9 Stealth
 - Level 5.0 Spellcasting
 - Level 8.1 Conjurations
 * Level 16.4 Ice Magic
 - Level 3.3 Air Magic


You had 7 spell levels left.
You knew the following spells:

 Your Spells              Type           Power      Damage    Failure   Level
a - Freeze                Ice            100%       1d11      0%          1
b - Frozen Ramparts       Ice            100%       1d16      1%          3
c - Ozocubu's Armour      Ice            100%       N/A       1%          3
d - Hailstorm             Conj/Ice       86%        3d17      1%          4
e - Freezing Cloud        Conj/Ice/Air   37%        6-21      3%          5

Your spell library contained the following spells:

 Spells                   Type           Power      Damage    Failure   Level
 Conjure Ball Lightning   Conj/Air       13%        3x3d6     50%         6
 Magic Dart               Conj           100%       1d8       1%          1
 Ensorcelled Hibernation  Hex/Ice        100%       N/A       1%          2
 Static Discharge         Conj/Air       26%        3-7/arc   1%          2
 Poisonous Vapours        Pois/Air       22%        N/A       3%          2
 Mephitic Cloud           Conj/Pois/Air  19%        N/A       3%          3
 Lightning Bolt           Conj/Air       13%        1d26      12%         5
 Ignite Poison            Fire/Tmut/Pois 4%         N/A       13%         3
 Sting                    Tmut/Pois      16%        1d3       17%         1
 Call Imp                 Summ           4%         N/A       26%         2
 Olgreb's Toxic Radiance  Pois           4%         N/A       38%         4
 Gell's Gravitas          Tloc           4%         N/A       45%         3
 Lesser Beckoning         Tloc           4%         N/A       45%         3
 Spider Form              Tmut/Pois      4%         N/A       45%         3
 Teleport Other           Tloc           4%         N/A       45%         3
 Summon Lightning Spire   Summ/Air       11%        N/A       63%         4
 Anguish                  Hex/Necr       2%         N/A       86%         4
 Summon Forest            Summ/Tloc      2%         N/A       99%         5
 Eringya's Noxious Bog    Tmut/Pois      2%         N/A       99%         6
 Storm Form               Tmut/Air       5%         N/A       100%        7
 Summon Hydra             Summ           2%         N/A       100%        7
 Maxwell's Capacitive Co  Air            8%         ∞         100%        8


Dungeon Overview and Level Annotations

Branches:
Dungeon (10/15)            Temple (1/1) D:5            Lair (5/5) D:10
 Shoals (0/4) Lair:3        Snake (0/4) Lair:2        Slime (0/5) Lair:5
    Orc (2/2) D:9
    Elf: Orc:2

Altars:
Ashenzari
Cheibriados
Dithmenos
Elyvilon
Fedhas
Gozag
Hepliaklqana
Kikubaaqudgha
Makhleb
Nemelex Xobeh
Okawaru
Qazlal
Ru
Sif Muna
Trog
Uskayaw
Vehumet
Wu Jian
Xom
Yredelemnul
Zin
The Shining One

Shops:
Orc:2 ([

Annotations:
D:9 1 runed translucent door, gebbletook2's ghost, novice VSFi
Lair:4 1 runed translucent door, flotson's ghost, journeyman DsDe


Innate Abilities, Weirdness & Mutations

You are immune to sickness and miasma.
Your stone body is resilient. (AC +10)
You are immune to poison.
Your large and strong wings let you fly.
You resist negative energy. (rN+)
You are resistant to electric shocks. (rElec)
You are resistant to unholy torment.
You are immune to petrification.
You have large cloven feet.
You are agile. (Dex +4, Str/Int -1)
You expend magic power (3 MP) to strengthen your wands.


Message History

Your magical contamination has completely faded away.
The frozen ramparts melt away.
The orc knight is engulfed in freezing vapours.
Casting: Freezing Cloud (dangerous; 3% risk of failure)
Confirm with . or Enter, or press ? or * to list all spells.
Casting: Frozen Ramparts (safe; 1% risk of failure)
Press: ? - help, Dir - look around, f - activate You feel a strong surge of power!
The walls around you are covered in ice.
The orc knight is engulfed in freezing vapours.
Unknown command.
Casting: Frozen Ramparts (safe; 1% risk of failure)
Confirm with . or Enter, or press ? or * to list all spells.
Aiming: Freeze (safe; 0% risk of failure)
Press: ? - help, Shift-Dir - straight line, f - orc knight
Aim: an orc knight, wielding a +0 battleaxe and wearing a +0 plate armour (moderately wounded)
You feel a strong surge of power!
You freeze the orc knight!
The orc knight is moderately wounded.
The wall freezes the orc knight but does no damage.
The orc knight completely misses you.
Casting: Freeze (safe; 0% risk of failure)
Confirm with . or Enter, or press ? or * to list all spells.
Aiming: Freeze (safe; 0% risk of failure)
Press: ? - help, Shift-Dir - straight line, f/p - orc knight
Aim: an orc knight, wielding a +0 battleaxe and wearing a +0 plate armour (moderately wounded)
You feel a strong surge of power!
You freeze the orc knight!
The orc knight is heavily wounded.
The wall freezes the orc knight.
The orc knight hits you with a +0 battleaxe.
* * * LOW HITPOINT WARNING * * *
Casting: Freeze (safe; 0% risk of failure)
Confirm with . or Enter, or press ? or * to list all spells.
Aiming: Freeze (safe; 0% risk of failure)
Press: ? - help, Shift-Dir - straight line, f/p - orc knight
Aim: an orc knight, wielding a +0 battleaxe and wearing a +0 plate armour (heavily wounded)
You feel a strong surge of power!
You freeze the orc knight.
The orc knight is severely wounded.
The wall freezes the orc knight.
The orc knight hits you with a +0 battleaxe!!
You die...

#...##.[.....)...... #####
#....##............. ##.#.##
###..##..[.....).....
#.....###.##.#....P..........
#....##...)...#[............. #
##..#..)..)[.####...8[.∩.....
#####..o....).#)..##......P......
.#......#.#).##...##....P.....PP.
...........))##)@####.........PP.
.....[...§§§§§§o.# #......P.....
#).......§§.§§§§## ##...........
..........§§§§§.# ##....###...
#)).P.....§§§§§..# ##...##..##
.......∩...§§##.## ##........
........8.§§§#### #...#....
.............# ###.#.##..
.....P..P...## ###.........


You could see an orc knight.

Vanquished Creatures
  Saint Roka (Orc:2)
  Rupert (Lair:4)
  An orc warlord (Orc:2)
  Fannar (Lair:1)
  4 hydras
  2 boulder beetles
  12 death yaks (Lair:5)
  3 catoblepae
  A two-headed ogre (D:10)
  A deep troll shaman (Lair:5)
  Urug (Lair:3)
  2 orc high priests (Orc:2)
  A deep troll (D:10)
  A lindwurm (Lair:1)
  5 orc knights
  2 orc sorcerers (Orc:2)
  An oklob plant (Orc:1)
  5 black mambas
  5 elephants (Lair:5)
  Maurice (D:8)
  4 torpor snails (Lair:3)
  7 cane toads
  4 rime drakes
  2 komodo dragons (Lair:5)
  7 trolls
  3 polar bears
  16 blink frogs
  5 dream sheep (Lair:5)
  Eustachio (D:5)
  29 yaks
  5 wyverns
  A shadow (D:10)
  A basilisk (Lair:1)
  A steam dragon (D:6)
  Menkaure (D:5)
  2 wargs
  6 nagas (Lair:2)
  4 water moccasins
  Duvessa (D:5)
  28 orc warriors
  An ice beast (D:4)
  6 black bears
  12 ogres
  A centaur (D:5)
  28 wolves
  4 phantoms
  2 kobold brigands
  13 bullfrogs
  5 scorpions
  2 necrophages
  4 wights (D:8)
  Dowan (D:5)
  3 killer bees (D:9)
  8 howler monkeys
  3 hounds
  Crazy Yiuf (D:2)
  22 orc priests
  2 gnoll boudas
  2 iguanas
  Ijyb (D:3)
  14 orc wizards
  19 gnolls
  5 adders
  A white imp (D:5)
  An ufetubus (D:5)
  A worm (D:2)
  5 dart slugs
  81 orcs
  5 endoplasms
  2 giant cockroaches
  7 goblins
  5 hobgoblins
  11 jackals
  2 quokkas
  8 ball pythons
  3 bats
  4 frilled lizards
  26 kobolds
  5 rats
505 creatures vanquished.

Vanquished Creatures (others)
  An orc priest (D:5)
  An orc (Orc:2)
  55 fungi
  41 plants
98 creatures vanquished.

Grand Total: 603 creatures vanquished

Notes
Turn   | Place    | Note
-------+----------+-------------------------------------------
     0 | D:1      | greasedhog the Gargoyle Ice Elementalist began the quest
                  | for the Orb.
     0 | D:1      | Reached XP level 1. HP: 10/10 MP: 3/3
   252 | D:1      | Reached XP level 2. HP: 15/15 MP: 1/5
  1306 | D:1      | Reached XP level 3. HP: 18/19 MP: 1/6
  2355 | D:2      | Reached XP level 4. HP: 24/24 MP: 5/8
  2401 | D:2      | Found a shimmering altar of Xom.
  2484 | D:2      | Learned a level 3 spell: Frozen Ramparts
  2488 | D:2      | Learned a level 3 spell: Ozocubu's Armour
  2597 | D:2      | Identified the +10 dagger of Extermination {vorpal, rPois
                  | rN+ Int-4}
  2672 | D:2      | Found a faded altar of an unknown god.
  2730 | D:2      | Reached skill level 5 in Ice Magic
  2886 | D:2      | Identified a scroll of acquirement
  2887 | D:2      | Acquired a staff of cold
  3009 | D:2      | Found a runed translucent door.
  3010 | D:2      | Noticed Crazy Yiuf
  3018 | D:2      | Killed Crazy Yiuf
  3019 | D:2      | Reached XP level 5. HP: 28/28 MP: 3/10
  3550 | D:3      | Noticed Ijyb
  3560 | D:3      | Paralysed by Ijyb for 4 turns
  3562 | D:3      | Killed Ijyb
  4162 | D:4      | Reached XP level 6. HP: 23/32 MP: 6/12
  4331 | D:4      | You fall into a shaft and drop 1 floor!
  4331 | D:5      | Entered Level 5 of the Dungeon
  4341 | D:5      | Reached skill level 6 in Ice Magic
  4345 | D:5      | Noticed an ice beast
  4432 | D:4      | Gained mutation: You are occasionally teleported next to
                  | monsters. [potion of mutation]
  4432 | D:4      | Gained mutation: Your mind is acute. (Int +4, Str/Dex -1)
                  | [potion of mutation]
  4521 | D:4      | Killed an ice beast
  4522 | D:4      | Reached skill level 5 in Spellcasting
  4522 | D:4      | Reached XP level 7. HP: 18/36 MP: 10/14
  4530 | D:4      | Lost mutation: Your mind is acute. (Int +4, Str/Dex -1)
                  | [potion of mutation]
  4530 | D:4      | Lost mutation: You are occasionally teleported next to
                  | monsters. [potion of mutation]
  4530 | D:4      | Gained mutation: You expend magic power (3 MP) to
                  | strengthen your wands. [potion of mutation]
  4530 | D:4      | Gained mutation: You are agile. (Dex +4, Str/Int -1)
                  | [potion of mutation]
  4530 | D:4      | Gained mutation: You have large cloven feet. [potion of
                  | mutation]
  4791 | D:5      | Reached skill level 1 in Fighting
  4796 | D:5      | Learned a level 4 spell: Hailstorm
  4823 | D:5      | Noticed Duvessa
  4823 | D:5      | Noticed Dowan
  4838 | D:5      | Killed Duvessa
  4839 | D:5      | Reached skill level 7 in Ice Magic
  4854 | D:5      | Killed Dowan
  4907 | D:5      | Reached XP level 8. HP: 38/46 MP: 5/15
  5165 | D:5      | Noticed Menkaure
  5177 | D:5      | Killed Menkaure
  5178 | D:5      | Reached skill level 8 in Ice Magic
  5179 | D:5      | Noticed Eustachio
  5180 | D:5      | Reached skill level 5 in Fighting
  5193 | D:5      | Killed Eustachio
  5209 | D:5      | Found a stormy altar of Qazlal.
  5533 | D:5      | Found a staircase to the Ecumenical Temple.
  5658 | Temple   | Entered the Ecumenical Temple
  5981 | Temple   | Became a worshipper of Vehumet
  6259 | D:6      | Noticed a yak
  6260 | D:6      | Noticed a yak
  6261 | D:6      | Noticed a yak
  6263 | D:6      | Noticed a yak
  6263 | D:6      | Noticed a yak
  6273 | D:6      | Killed a yak
  6273 | D:6      | Killed a yak
  6274 | D:6      | Reached skill level 9 in Ice Magic
  6274 | D:6      | Reached XP level 9. HP: 50/56 MP: 9/16
  6437 | D:6      | Reached skill level 10 in Ice Magic
  7165 | D:7      | Reached * piety under Vehumet
  7165 | D:7      | Offered knowledge of Foxfire by Vehumet.
  7337 | D:7      | Learned a level 5 spell: Freezing Cloud
  7792 | D:8      | Reached XP level 10. HP: 66/66 MP: 12/17
  7918 | D:8      | Noticed Maurice
  7934 | D:8      | Killed Maurice
  8133 | D:8      | Identified the +5 trident of Xajul {holy, Str+3}
  8219 | D:8      | Reached skill level 11 in Ice Magic
  8409 | D:8      | Reached skill level 10 in Fighting
  8879 | D:8      | Offered knowledge of Shock by Vehumet.
  8879 | D:8      | Reached ** piety under Vehumet
  9775 | D:9      | Found a runed translucent door.
  9775 | D:9      | Noticed gebbletook2's ghost (novice VSFi)
  9916 | D:9      | Offered knowledge of Stone Arrow by Vehumet.
 10005 | D:9      | Reached skill level 12 in Ice Magic
 10617 | D:9      | Found a staircase to the Orcish Mines.
 10782 | D:10     | Entered Level 10 of the Dungeon
 10802 | D:10     | Reached XP level 11. HP: 72/72 MP: 14/18
 10844 | D:10     | Found a staircase to the Lair.
 10859 | D:10     | Reached *** piety under Vehumet
 10906 | D:10     | Reached skill level 1 in Conjurations
 10964 | D:10     | Noticed a deep troll
 10973 | D:10     | Killed a deep troll
 10974 | D:10     | Reached skill level 5 in Dodging
 11466 | D:10     | Found an ornate altar of the Wu Jian Council.
 11695 | D:10     | Noticed a two-headed ogre
 11704 | D:10     | Killed a two-headed ogre
 11705 | D:10     | Reached skill level 13 in Ice Magic
 12133 | D:10     | Identified the amulet "Ullisaokho" {RegenMP Contam rC+
                  | Dex+6 Stlth+}
 12517 | Lair:1   | Entered Level 1 of the Lair of Beasts
 12539 | Lair:1   | Noticed a lindwurm
 12558 | Lair:1   | Noticed Fannar
 12559 | Lair:1   | Killed a lindwurm
 12574 | Lair:1   | Offered knowledge of Airstrike by Vehumet.
 12575 | Lair:1   | Reached skill level 5 in Conjurations
 12580 | Lair:1   | Killed Fannar
 12694 | Lair:1   | Reached XP level 12. HP: 19/77 MP: 10/19
 12981 | Lair:1   | Noticed a boulder beetle
 12991 | Lair:1   | Killed a boulder beetle
 13293 | Lair:1   | Reached **** piety under Vehumet
 13755 | Lair:2   | Offered knowledge of Fulminant Prism by Vehumet.
 13820 | Lair:2   | Reached skill level 14 in Ice Magic
 14440 | Lair:2   | Found a staircase to the Snake Pit.
 14623 | Lair:2   | Identified the +10 rapier of Circular Logic {freeze,
                  | Fragile rC++ MP+9 Str-3 Int+9}
 14671 | Lair:2   | Noticed a seven-headed hydra
 14681 | Lair:2   | Killed a seven-headed hydra
 14933 | Lair:3   | Noticed Urug
 14952 | Lair:3   | Killed Urug
 14953 | Lair:3   | Reached skill level 1 in Staves
 15347 | Lair:3   | Found a snail-covered altar of Cheibriados.
 15438 | Lair:3   | Reached XP level 13. HP: 82/82 MP: 20/20
 15463 | Lair:3   | Found a staircase to the Shoals.
 16985 | Lair:4   | Noticed Rupert
 17014 | Lair:4   | Killed Rupert
 17015 | Lair:4   | Reached skill level 15 in Ice Magic
 17345 | Lair:4   | Found a runed translucent door.
 17346 | Lair:4   | Noticed flotson's ghost (journeyman DsDe)
 17683 | Lair:5   | Entered Level 5 of the Lair of Beasts
 17711 | Lair:5   | Reached skill level 5 in Staves
 17911 | Lair:5   | Reached skill level 1 in Air Magic
 17930 | Lair:5   | Reached ***** piety under Vehumet
 17930 | Lair:5   | Offered knowledge of Conjure Ball Lightning by Vehumet.
 18378 | Lair:5   | Gained mutation: Your large and strong wings let you fly.
                  | [Gargoyle growth]
 18378 | Lair:5   | Reached XP level 14. HP: 88/88 MP: 21/21
 18724 | Lair:5   | Reached skill level 10 in Dodging
 19230 | Lair:5   | Found a staircase to the Slime Pits.
 19525 | Orc:1    | Entered Level 1 of the Orcish Mines
 19704 | Orc:1    | Reached skill level 16 in Ice Magic
 20522 | Orc:2    | Entered Level 2 of the Orcish Mines
 20826 | Orc:2    | Found Epliph's Antique Armour Emporium.
 20937 | Orc:2    | Bought a buckler for 126 gold pieces
 20988 | Orc:2    | Found Aseh's Antique Weapon Emporium.
 21314 | Orc:2    | Noticed an orc warlord
 21344 | Orc:2    | Noticed Saint Roka
 21345 | Orc:2    | Killed an orc warlord
 21346 | Orc:2    | Reached skill level 5 in Stealth
 21841 | Orc:2    | Killed Saint Roka
 21974 | Orc:2    | Slain by an orc knight

Illustrated notes

Levels and vault maps discovered:
D:1:      dpeg_arrival_water_temple_mockup, layout_basic
D:2:      minmay_razor_zed, layout_basic, basic_altar, basic_ecumenical_altar,
          minmay_heptomino_h4, uniq_crazy_yiuf_cottage
D:3:      layout_rooms, nicolae_figureground_sparkle, uniq_ijyb
D:4:      layout_gridville
D:5:      layout_rooms, old_standard_altar, minmay_temple_entry_trees,
          uniq_menkaure, uniq_duvessa, uniq_eustachio
D:6:      layout_basic
D:7:      layout_basic
D:8:      layout_layer_cave, columned_hall_lemuel, lightli_orcish_oven,
          uniq_maurice
D:9:      layout_loops_ring, erik_orc_2, hellmonk_ghost_big_iron
D:10:     lemuel_troll_bridge, layout_basic,
          mainiacjoe_overflow_six_doors_small, lair_entry_dummy
Temple:   mainiacjoe_temple_cubbyholes
Lair:1:   layout_misc_corridors, grunt_forest_stairs_basic, grunt_megastairs_3,
          serial_bayou_shore_b, lemuel_fruit_tree, uniq_fannar
Lair:2:   layout_chaotic_city, minmay_snake_entry_guardpost_medium
Lair:3:   layout_hall_layers, shoals_dummy_entry, kennysheep_snail_temple,
          uniq_urug
Lair:4:   layout_cave_pods, ebering_ghost_inner_flame, grunt_megastairs_2,
          serial_bayou_shore_b, uniq_rupert
Lair:5:   grunt_lair_end_beastmaster, layout_loops_ring,
          dpeg_slime_entry_enclosed, nicolae_lair_yak_garden,
          grunt_megastairs_4, serial_bayou_shore_b, infiniplex_staircase_pool
Orc:1:    layout_caves, mines3_lemuel
Orc:2:    grunt_orc_gardens, layout_caves, grunt_orc_garden, grunt_orc_garden,
          grunt_orc_garden, grunt_orc_garden, uniq_saint_roka

Skill      XL: |  1  2  3  4  5  6  7  8  9 10 11 12 13 14 |
---------------+-------------------------------------------+-----
Spellcasting   | 3 4 5 |  5.0
Ice Magic      | 5 6 7 9 10 12 13 14 15 16 | 16.4
Fighting       | 3 6 9 10 | 10.0
Dodging        | 4 6 8 9 10 | 10.0
Conjurations   | 5 8 |  8.1
Staves         | 2 6 8 |  8.5
Air Magic      | 2 3 |  3.3
Stealth        | 5 |  5.9

Action                   |  1- 3 |  4- 6 |  7- 9 | 10-12 | 13-15 || total
-------------------------+-------+-------+-------+-------+-------++-------
Melee: Unarmed           |    15 |       |       |       |       ||    15
       Punch             |     1 |     2 |     3 |     1 |     1 ||     8
       Dagger            |     7 |    23 |       |       |       ||    30
       Staff             |       |   164 |   109 |   147 |    83 ||   503
       Kick              |       |       |    42 |       |       ||    42
 Cast: Freeze            |    61 |    25 |    21 |   205 |   191 ||   503
       Frozen Ramparts   |       |     8 |    31 |    57 |    56 ||   152
       Ozocubu's Armour  |       |     9 |    12 |    30 |    30 ||    81
       Hailstorm         |       |       |     1 |    12 |     3 ||    16
       Freezing Cloud    |       |       |       |     3 |    87 ||    90
Evoke: Wand              |       |       |       |     3 |     2 ||     5
       Lightning rod     |       |       |       |       |     4 ||     4
  Use: Scroll            |     2 |     7 |     2 |     4 |     5 ||    20
       Potion            |       |     6 |     3 |     4 |     1 ||    14
 Stab: Sleeping          |     1 |     6 |       |       |       ||     7
       Distracted        |       |       |       |     1 |       ||     1
Armor: Robe              |    20 |    96 |    60 |   148 |    66 ||   390
Dodge: Dodged            |    30 |   169 |   137 |   387 |   288 ||  1011
Block: Other             |       |       |       |    60 |       ||    60
       Buckler           |       |       |       |       |    13 ||    13

Table legend: (Time is in decaauts)
 A = Elapsed time spent in this place.
 B = Non-inter-level travel time spent in this place.
 C = Inter-level travel time spent in this place.
 D = Time resting spent in this place.
 E = Time spent auto-exploring this place.
 F = Levels seen in this place.
 G = Mean time per level.
                   A        B        C        D        E       F      G
               +--------+--------+--------+--------+--------+-----+--------+
         Total |  22074 |  21463 |    611 |   2056 |  15806 |  18 | 1226.3 |
       Dungeon |  12284 |  11906 |    378 |    853 |   9101 |  10 | 1228.4 |
        Temple |    353 |    290 |     63 |      0 |    287 |   1 |  353.0 |
          Lair |   6990 |   6835 |    155 |    472 |   5347 |   5 | 1398.0 |
  Orcish Mines |   2446 |   2432 |     14 |    731 |   1071 |   2 | 1223.0 |
               +--------+--------+--------+--------+--------+-----+--------+

Top non-repeatable levels by time:
     D:2: 1834 daAuts
    D:10: 1769 daAuts
     D:8: 1746 daAuts
  Lair:4: 1745 daAuts
  Lair:5: 1721 daAuts
   Orc:1: 1578 daAuts
     D:1: 1554 daAuts
  Lair:2: 1334 daAuts
     D:9: 1295 daAuts
  Lair:1: 1113 daAuts
     D:5: 1105 daAuts
  Lair:3: 1075 daAuts
   Orc:2: 868 daAuts
     D:6: 854 daAuts
     D:7: 834 daAuts
